 Dungeon Crawl Stone Soup version 0.28-a0-657-g71136c5590 (webtiles) character file.

Game seed: 2788064101631926882

127 Armakuni the Conjurer (level 4, -2/33 HPs)
             Began as a Draconian Conjurer on Oct 13, 2021.
             Slain by Menkaure (20 damage)
             ... on level 4 of the Dungeon.
             The game lasted 00:06:14 (3598 turns).

Armakuni the Conjurer (Draconian Conjurer)          Turns: 3598, Time: 00:06:15

Health: -2/33      AC:  5    Str:  9    XL:     4   Next: 85%
Magic:  0/8        EV: 12    Int: 19    God:
Gold:   104        SH:  0    Dex: 10    Spells: 3/9 levels left

rFire   . . .      SeeInvis .   (no weapon)
rCold   . . .      Faith    .   (no shield)
rNeg    . . .      Spirit   .   (armour unavailable)
rPois   .          Reflect  .   (helmet restricted)
rElec   .          Harm     .   (no cloak)
rCorr   .          Rampage  .   (no gloves)
Will    .....                   (no boots)
Stlth   ++........              (no amulet)
HPRegen 0.11/turn               (no ring)
MPRegen 0.11/turn               (no ring)

@: hasted, very quick
A: AC +5, unfitting armour, cold-blooded
a: no special abilities


You were on level 4 of the Dungeon.
You visited 1 branch of the dungeon, and saw 4 of its levels.

You collected 104 gold pieces.

Inventory:

Hand Weapons
 b - a +0 hunting sling
Missiles
 d - 36 sling bullets
 e - 13 poisoned darts
Scrolls
 f - a scroll of fog
 h - 3 scrolls of identify
Potions
 c - a potion of cancellation {unknown}
 g - a potion of heal wounds {unknown}


   Skills:
 - Level 1.7 Dodging
 - Level 1.7 Stealth
 + Level 3.1 Spellcasting
 * Level 5.6 Conjurations


You had 3 spell levels left.
You knew the following spells:

 Your Spells              Type           Power      Damage    Failure   Level
m - Iskenderun's Mystic   Conj/Tloc      13%        2d5       43%         4
z - Searing Ray           Conj           48%        2d6       2%          2

Your spell library contained the following spells:

 Spells                   Type           Power      Damage    Failure   Level
 Magic Dart               Conj           96%        1d7       1%          1
 Dazzling Flash           Conj/Hex       26%        N/A       14%         3
 Fulminant Prism          Conj/Hex       6%         3d7       43%         4


Dungeon Overview and Level Annotations

Branches:
Dungeon (4/15)
 Temple: D:4-7

Altars:
Fedhas

Annotations:
D:4 Menkaure


Innate Abilities, Weirdness & Mutations

Your plain brown scales are hard. (AC +5)
You cannot fit into any form of body armour.
You are cold-blooded and may be slowed by cold attacks.


Message History

The searing ray hits the worm!
The worm is heavily wounded.
The searing ray hits the worm!
The worm is severely wounded.
The searing ray hits the worm.
You kill the worm!
You finish channelling your searing ray.
You see here a worm corpse.
Found a stone staircase leading down.
Menkaure, Prince of Dust comes into view.
You aren't carrying any items that you can evoke.
Aiming: Searing Ray (safe; 2% risk of failure)
Press: ? - help, Q - select action, (/) - cycle Shift-Dir - straight line, f - Menkaure
Aim: Menkaure (dormant, 100% to hit)
The searing ray hits Menkaure but does no damage.
Menkaure shouts! (Press . to maintain the ray.)
The searing ray hits Menkaure.
Menkaure is lightly damaged.
The searing ray hits Menkaure.
Menkaure is moderately damaged.
Menkaure calls on the powers of darkness!
Your body is wracked with pain!
The searing ray hits Menkaure!
Menkaure is severely damaged.
You finish channelling your searing ray.
Aiming: Searing Ray (safe; 2% risk of failure)
Press: ? - help, Q - select action, (/) - cycle Shift-Dir - straight line, f/p - Menkaure
Aim: Menkaure (severely damaged, 90% to hit)
The searing ray hits Menkaure.
Menkaure is almost destroyed. (Press . to maintain the ray.) Menkaure mumbles some strange words.
Menkaure seems to speed up.
The searing ray hits Menkaure.
Menkaure is almost destroyed.
You aren't carrying any items that you can evoke.
It was a potion of haste.
You feel yourself speed up. Menkaure hits you!!
Ouch! That really hurt!
You die...

##...## #.#
##+## #.# . #
#.# .. #. #.#
#..#.## #.#
....... #.#
#$..... #.#
#.....M#####.#
#>@.....#
#########


You could see Menkaure (fast).

Vanquished Creatures
  An orc wizard (D:3)
  4 adders
  A worm (D:4)
  2 dart slugs (D:2)
  3 orcs (D:3)
  6 ball pythons
  5 endoplasms
  4 giant cockroaches
  3 hobgoblins
  A jackal (D:3)
  3 quokkas
  5 bats
  3 frilled lizards (D:2)
  4 goblins
  5 kobolds
  6 rats
56 creatures vanquished.

Notes
Turn   | Place    | Note
-------+----------+-------------------------------------------
     0 | D:1      | Armakuni the Draconian Conjurer began the quest for the
                  | Orb.
     0 | D:1      | Reached XP level 1. HP: 14/14 MP: 3/3
   379 | D:1      | Reached XP level 2. HP: 20/20 MP: 1/5
   523 | D:1      | Learned a level 2 spell: Searing Ray
  1181 | D:2      | Reached XP level 3. HP: 26/26 MP: 1/6
  1426 | D:2      | Found Ilurosk's Antique Armour Shoppe.
  1773 | D:2      | Reached skill level 5 in Conjurations
  2150 | D:3      | Found a faded altar of an unknown god.
  2171 | D:3      | Reached XP level 4. HP: 33/33 MP: 4/8
  2257 | D:3      | Found a blossoming altar of Fedhas.
  2409 | D:3      | Learned a level 4 spell: Iskenderun's Mystic Blast
  3591 | D:4      | Noticed Menkaure
  3598 | D:4      | Slain by Menkaure

Illustrated notes

Levels and vault maps discovered:
D:1:      dpeg_arrival_solitude, layout_basic, minmay_misc_feat_plants,
          lemuel_another_geyser
D:2:      layout_loops_cross, serial_shops, nicolae_shop_trees
D:3:      layout_basic, shapermc_ecumenical_altar_notcrosses, st_stairs_3,
          kennysheep_flooded_box, chequers_avenue, minmay_misc_feat_square
D:4:      layout_loops_corners, mainiacjoe_overflow_catwalk,
          nicolae_tso_swordbearing_angel, mainiacjoe_overflow_six_doors_small,
          minmay_temple_entry_poolview, uniq_menkaure, uniq_crazy_yiuf_cottage

Skill      XL: |  1  2  3  4 |
---------------+-------------+-----
Conjurations   | 5 |  5.6
Spellcasting   | 3 |  3.1
Dodging        | |  1.7
Stealth        | |  1.7

Action                   |  1- 3 |  4- 6 || total
-------------------------+-------+-------++-------
Melee: Unarmed           |     3 |     1 ||     4
 Cast: Magic Dart        |    25 |       ||    25
       Searing Ray       |    26 |    18 ||    44
  Use: Scroll            |       |     4 ||     4
       Potion            |       |     1 ||     1
Armor: Skin              |     7 |     2 ||     9
Dodge: Dodged            |    13 |     6 ||    19

Table legend: (Time is in decaauts)
 A = Elapsed time spent in this place.
 B = Non-inter-level travel time spent in this place.
 C = Inter-level travel time spent in this place.
 D = Time resting spent in this place.
 E = Time spent auto-exploring this place.
 F = Levels seen in this place.
 G = Mean time per level.
                   A        B        C        D        E       F      G
               +--------+--------+--------+--------+--------+-----+--------+
         Total |   3599 |   3491 |    108 |    961 |   2037 |   4 |  899.8 |
       Dungeon |   3599 |   3491 |    108 |    961 |   2037 |   4 |  899.8 |
               +--------+--------+--------+--------+--------+-----+--------+

Top non-repeatable levels by time:
     D:3: 1356 daAuts
     D:2: 1164 daAuts
     D:1: 912 daAuts
     D:4: 165 daAuts
